 Dungeon Crawl Stone Soup version 0.29.0-10-g45618ea6d2 (webtiles) character file.

Game seed: 16675956832096687840

800 SensoryNuts the Slasher (level 7, 0/54 HPs)
             Began as a Demonspawn Fighter on Sept 2, 2022.
             Slain by a water moccasin (5 damage)
             ... on level 5 of the Dungeon.
             The game lasted 00:04:55 (5366 turns).

SensoryNuts the Slasher (Demonspawn Fighter)        Turns: 5366, Time: 00:04:56

Health: 0/54       AC:  7    Str: 16    XL:     7   Next: 59%
Magic:  7/7        EV:  9    Int:  9    God:
Gold:   324        SH:  5    Dex: 15    Spells: 6/6 levels left

rFire   . . .      SeeInvis +   a - +1 long sword (vorpal)
rCold   . . .      Faith    .   c - +0 buckler
rNeg    . . .      Spirit   .   b - +0 scale mail
rPois   .          Reflect  .   (helmet restricted)
rElec   .          Harm     .   (no cloak)
rCorr   .          Rampage  .   (no gloves)
Will    .....                   (no boots)
Stlth   ..........              h - amulet of regeneration
HPRegen 0.98/turn               m - ring of see invisible
MPRegen 0.10/turn               (no ring)

@: lethally poisoned (0 -> -3)
A: horns 1, demonic guardian 1, weakness stinger 2, demonic touch 1
a: no special abilities


You were on level 5 of the Dungeon.
You visited 1 branch of the dungeon, and saw 5 of its levels.

You collected 324 gold pieces.

Inventory:

Hand Weapons
 a - a +1 vorpal long sword (weapon)
Armour
 b - a +0 scale mail (worn)
 c - a +0 buckler (worn)
Jewellery
 h - an amulet of regeneration (around neck)
 m - a ring of see invisible (left hand)
 n - a ring of protection from fire
 u - an amulet of reflection
Scrolls
 e - a scroll of blinking
 g - 4 scrolls of fear
 o - a scroll of magic mapping {unknown}
 q - 2 scrolls of identify
 r - a scroll of brand weapon
Potions
 d - a potion of attraction
 f - a potion of resistance
 i - 3 potions of heal wounds
 j - a potion of lignification
 k - a potion of curing
 l - a potion of mutation {unknown}
 p - a potion of invisibility
 s - a potion of degeneration {unknown}


   Skills:
 + Level 4.0 Fighting
 * Level 6.0 Long Blades
 + Level 4.3 Armour
 + Level 2.1 Dodging
 + Level 0.1 Stealth
 + Level 3.2 Shields


You had 6 spell levels left.
You didn't know any spells.
Your spell library contained the following spells:

 Spells                   Type           Power      Damage    Failure   Level
 Poisonous Vapours        Pois/Air       0%         N/A       95%         2
 Sublimation of Blood     Necr           0%         N/A       95%         2
 Wereblood                Tmut           0%         N/A       95%         2
 Confusing Touch          Hex            0%         N/A       99%         3
 Gell's Gravitas          Tloc           0%         N/A       99%         3
 Teleport Other           Tloc           0%         N/A       99%         3
 Corpse Rot               Necr/Pois/Air  0%         N/A       100%        4
 Yara's Violent Unravell  Hex/Tmut       0%         3d3       100%        5
 Dispersal                Tloc           0%         N/A       100%        6
 Enfeeble                 Hex            0%         N/A       100%        7
 Summon Hydra             Summ           0%         N/A       100%        7


Dungeon Overview and Level Annotations

Branches:
Dungeon (5/15)
 Temple: D:4-7

Altars:
Kikubaaqudgha
Sif Muna
Trog
Xom

Shops:
D:1 ?


Innate Abilities, Weirdness & Mutations

You have a pair of small horns on your head.
A weak demonic guardian rushes to your aid.
You have a tail ending in a sharp stinger.
Your touch may inflict minor irresistible damage on your foes.


Message History

You are poisoned.
The water moccasin poisons you!
You slash the water moccasin!
Your tail-slap misses the water moccasin.
The water moccasin is heavily wounded.
You feel very sick. The water moccasin closely misses you.
The water moccasin bites you!
A demonic guardian appears!
You closely miss the water moccasin.
The water moccasin is heavily wounded.
You feel very sick. The water moccasin bites you.
You are more poisoned.
The water moccasin poisons you!
You miss the water moccasin.
The water moccasin is heavily wounded.
You feel extremely sick. The water moccasin closely misses you.
The water moccasin barely misses you.
You barely miss the water moccasin.
Your headbutt misses the water moccasin.
The water moccasin is heavily wounded.
You feel very sick. The water moccasin bites you!
* * * LOW HITPOINT WARNING * * *
You completely miss the water moccasin.
Your headbutt misses the water moccasin.
The water moccasin is heavily wounded.
* * * LOW HITPOINT WARNING * * *
You feel very sick. The water moccasin barely misses you.
You block the water moccasin's attack.
The orc wizard gestures wildly while chanting.
The orc wizard flickers and vanishes for a moment.
Okay, then.
You hit the water moccasin.
Your tail-slap misses the water moccasin.
The water moccasin is severely wounded.
* * * LOW HITPOINT WARNING * * *
You feel very sick. The water moccasin bites you.
You die...

.#..##..#.# #.. ......
....##..#.# #.. ####..#.#
....##..#.# #?. ###+#........
.....#).#.# #.#+# #.....##..#.# .
.#...#..#.# #.#.# #.....##..#.# .
.#........# #.#.# #.....##..#.##<
.#...#..#.# #.#.# #.....##..#.#..
.#...#..#.###.#.###o....##..#o#..
...............5@SOo.o......o....
...........##.#.#####.#.##..#.#..
.....#..#..##.#.............#.#..
.....#..#..##.#.#####............
.....†........#.# #............
.....############ #............
.....# #............ .....#
#.###..##.#.. .....#### #..
......


You could see a water moccasin (ally target), an ogre, 2 orc wizards, an orc and
a friendly white imp (summoned).

Vanquished Creatures
  A black bear (D:4)
  A phantom (D:4)
  2 bullfrogs
  A necrophage (D:4)
  3 hounds
  A jelly (D:4)
  3 iguanas
  15 adders
  2 river rats (D:4)
  7 worms
  A dart slug (D:4)
  5 orcs
  13 ball pythons
  4 bats (D:1)
  6 endoplasms
  6 goblins
  7 hobgoblins
  5 jackals
  4 quokkas
  4 frilled lizards
  5 kobolds
  5 rats
101 creatures vanquished.

Vanquished Creatures (collateral kills)
  A rat (D:4)
1 creature vanquished.

Vanquished Creatures (others)
  6 plants (D:4)
6 creatures vanquished.

Grand Total: 108 creatures vanquished

Notes
Turn   | Place    | Note
-------+----------+-------------------------------------------
     0 | D:1      | SensoryNuts the Demonspawn Fighter began the quest for the
                  | Orb.
     0 | D:1      | Reached XP level 1. HP: 18/18 MP: 1/1
   220 | D:1      | Reached skill level 2 in Long Blades
   387 | D:1      | Discovered your monstrous ancestry.
   387 | D:1      | Gained mutation: You have a small tail. [demonic ancestry]
   387 | D:1      | Reached XP level 2. HP: 24/24 MP: 2/2
   497 | D:1      | Found Gol Oqa's Magic Scroll Boutique.
  1261 | D:1      | Gained mutation: You have a pair of small horns on your
                  | head. [demonic ancestry]
  1261 | D:1      | Reached XP level 3. HP: 29/29 MP: 3/3
  2270 | D:3      | Found a faded altar of an unknown god.
  2482 | D:3      | Found a shimmering altar of Xom.
  2487 | D:3      | Reached skill level 3 in Long Blades
  2595 | D:3      | Gained mutation: You have a tail ending in a sharp stinger.
                  | [demonic ancestry]
  2595 | D:3      | Reached XP level 4. HP: 35/35 MP: 4/4
  2841 | D:3      | Found a bloodstained altar of Trog.
  2859 | D:3      | Noticed a bullfrog
  2865 | D:3      | Killed a bullfrog
  2866 | D:3      | Gained mutation: A weak demonic guardian rushes to your
                  | aid. [demonic ancestry]
  2866 | D:3      | Reached XP level 5. HP: 30/41 MP: 5/5
  3031 | D:3      | Reached skill level 4 in Long Blades
  3434 | D:4      | Found an ancient bone altar of Kikubaaqudgha.
  3598 | D:4      | Reached XP level 6. HP: 20/47 MP: 6/6
  3901 | D:4      | Reached skill level 5 in Long Blades
  3914 | D:4      | Reached skill level 1 in Dodging
  3918 | D:4      | Found a glowing drain.
  4282 | D:4      | Gained mutation: Your touch may inflict minor irresistible
                  | damage on your foes. [demonic ancestry]
  4282 | D:4      | Reached XP level 7. HP: 8/53 MP: 7/7
  4707 | D:4      | Found a shimmering blue altar of Sif Muna.
  5022 | D:5      | Entered Level 5 of the Dungeon
  5253 | D:5      | Reached skill level 6 in Long Blades
  5366 | D:5      | Slain by a water moccasin

Illustrated notes

Levels and vault maps discovered:
D:1:      dpeg_arrival_houses_and_road, layout_basic, serial_shops, shop,
          minmay_box_of_dots
D:2:      layout_basic
D:3:      minmay_chambers_of_twos, layout_basic,
          mainiacjoe_overflow_concentric_impassable, grunt_temple_overflow_open,
          basic_ecumenical_altar, minmay_shallow_snake_nest
D:4:      layout_basic, nicolae_elyvilon_temple_path, general_overflow_altar,
          lemuel_crystal_altar, lightli_sewer_entry_pipes, minmay_joined_circles
D:5:      layout_basic, makhleb_altar_promises_db, st_stairs_11,
          uniq_crazy_yiuf_cottage

Skill      XL: |  1  2  3  4  5  6  7 |
---------------+----------------------+-----
Long Blades    | 2 3 4 5 6 |  6.0
Armour         | 3 4 |  4.3
Shields        | 3 |  3.2
Dodging        | 1 2 |  2.1
Fighting       | 4 |  4.0
Stealth        | |  0.1

Action                   |  1- 3 |  4- 6 |  7- 9 || total
-------------------------+-------+-------+-------++-------
Melee: Long sword        |   125 |   124 |    81 ||   330
       Tailslap          |    11 |    14 |    13 ||    38
       Headbutt          |     6 |    24 |    16 ||    46
  Use: Scroll            |     4 |       |     8 ||    12
       Potion            |       |     3 |     1 ||     4
Armor: Scale mail        |    75 |    57 |     7 ||   139
       Skin              |       |    67 |    27 ||    94
Dodge: Dodged            |    66 |    60 |    28 ||   154
Block: Buckler           |    35 |    40 |    11 ||    86
